 Dungeon Crawl Stone Soup version 0.28.0-43-g3370ac3207 (webtiles) character file.

Game seed: 3274205854460794101

77 nickcage the Sneak (level 4, -6/22 HPs)
             Began as a Spriggan Brigand on Mar 10, 2022.
             Killed from afar by an orc wizard (9 damage)
             ... with a magic dart
             ... on level 2 of the Dungeon.
             The game lasted 00:04:56 (1678 turns).

nickcage the Sneak (Spriggan Brigand)               Turns: 1678, Time: 00:04:56

Health: -6/22      AC:  3    Str:  9    XL:     4   Next: 13%
Magic:  5/5        EV: 16    Int: 12    God:
Gold:   57         SH:  0    Dex: 16    Spells: 3/3 levels left

rFire   . . .      SeeInvis +   a - +2 dagger
rCold   . . .      Faith    .   (no shield)
rNeg    . . .      Spirit   .   b - +0 robe
rPois   .          Reflect  .   (helmet restricted)
rElec   .          Harm     .   c - +0 cloak
rCorr   .          Rampage  .   (gloves unavailable)
Will    .....                   (boots unavailable)
Stlth   +++.......              (no amulet)
HPRegen 0.07/turn               (no ring)
MPRegen 0.09/turn               (no ring)

@: very quick
A: very small, no large weapons, unfitting armour, see invisible, speed 3
a: no special abilities


You were on level 2 of the Dungeon.
You visited 1 branch of the dungeon, and saw 2 of its levels.

You collected 57 gold pieces.

Inventory:

Hand Weapons
 a - a +2 dagger (weapon)
Missiles
 d - 3 poisoned darts (quivered)
 e - 2 curare-tipped darts
Armour
 b - a +0 robe (worn)
 c - a +0 cloak (worn)
Scrolls
 i - a scroll of fog {unknown}
Potions
 f - a potion of haste {unknown}
 g - a potion of heal wounds {unknown}
 h - a potion of curing {unknown}


   Skills:
 - Level 1.5 Fighting
 + Level 4.9 Short Blades
 - Level 2.0 Throwing
 - Level 1.3 Dodging
 - Level 5.8 Stealth


You had 3 spell levels left.
You didn't know any spells.
Your spell library was empty.

Dungeon Overview and Level Annotations

Branches:
Dungeon (2/15)

Altars:


Innate Abilities, Weirdness & Mutations

You are very small and have problems with some larger weapons.
You are too small for most types of armour.
You have supernaturally acute eyesight. (SInv)
You cover ground extremely quickly. (Speed+++)


Message History

You hit the orc priest.
You kill the orc priest!
The orc wizard hits you with a +0 dagger.
You have reached level 4!
You barely miss the orc wizard.
The orc wizard hits you with a +0 dagger.
The orc wizard closely misses you.
There is a stone staircase leading up here.
You miss the orc wizard.
You hit the orc wizard but do no damage.
The orc wizard misses you.
You hit the orc wizard but do no damage.
The orc wizard hits you but does no damage.
You hit the orc wizard.
The orc wizard is lightly wounded.
You closely miss the orc wizard.
The orc wizard is lightly wounded.
The orc wizard hits you with a +0 dagger.
* * * LOW HITPOINT WARNING * * *
You hit the orc wizard.
The orc wizard is lightly wounded.
The orc wizard misses you.
You hit the orc wizard.
The orc wizard is moderately wounded.
The orc wizard hits you with a +0 dagger.
* * * LOW HITPOINT WARNING * * *
You hit the orc wizard but do no damage.
The orc wizard is moderately wounded.
You closely miss the orc wizard.
The orc wizard is moderately wounded.
The orc wizard closely misses you.
You hit the orc wizard.
The orc wizard is moderately wounded.
The orc wizard hits you with a +0 dagger.
* * * LOW HITPOINT WARNING * * *
You barely miss the orc wizard.
The orc wizard is moderately wounded.
The orc wizard casts a spell at you. The magic dart hits you!
You die...

....
#...#####################
#(..#...#>...............
#.g.o..o####.####(.######
..#.#(o...o..# #..#
#.#############.># #.
........#((# ## ###.#o.#
#...@..# #.###.)# #.#
#..# #.# #.)# #.# #..#
#.# #..# #.# #..# #.#
#..# #.# #.<#


You could see an orc wizard (invisible).

Vanquished Creatures
  An orc priest (D:2)
  2 dart slugs (D:1)
  2 orcs
  3 ball pythons
  6 endoplasms
  2 hobgoblins (D:1)
  8 jackals (D:1)
  A quokka (D:2)
  3 bats (D:1)
  3 frilled lizards
  3 goblins (D:1)
  3 kobolds (D:1)
  A rat (D:2)
38 creatures vanquished.

Notes
Turn   | Place    | Note
-------+----------+-------------------------------------------
     0 | D:1      | nickcage the Spriggan Brigand began the quest for the Orb.
     0 | D:1      | Reached XP level 1. HP: 10/10 MP: 2/2
    69 | D:1      | Reached XP level 2. HP: 14/14 MP: 3/3
   363 | D:1      | Reached XP level 3. HP: 16/18 MP: 4/4
  1666 | D:2      | Reached XP level 4. HP: 8/22 MP: 5/5
  1678 | D:2      | Killed from afar by an orc wizard

Illustrated notes

Levels and vault maps discovered:
D:1:      roderic_octagonal_star, layout_basic
D:2:      layout_basic

Skill      XL: |  1  2  3 |
---------------+----------+-----
Short Blades   | 3 4 |  4.9
Fighting       | |  1.5
Throwing       | |  2.0
Dodging        | |  1.3
Stealth        | |  5.8

Action                   |  1- 3 |  4- 6 || total
-------------------------+-------+-------++-------
Melee: Dagger            |   107 |    12 ||   119
Throw: Dart              |    16 |       ||    16
 Stab: Sleeping          |    12 |       ||    12
Armor: Robe              |    15 |     1 ||    16
Dodge: Dodged            |    51 |     4 ||    55
